[Event "42nd GRE-ch Women 2019"]
[Site "Thessaloniki"]
[Date "2019.11.20"]
[Round "1.1"]
[White "Stefanidi, Maria-Anna"]
[Black "Hristodoulaki, Antonia"]
[Result "0-1"]
[ECO "C11"]
[WhiteElo "2012"]
[BlackElo "2054"]
[Annotator "NA RC"]
[PlyCount "164"]
[EventDate "2019.11.20"]
[EventType "tourn"]
[EventCountry "GRE"]
[SourceTitle "playchess.com"]
[Source "ChessBase"]
[SourceQuality "1"]
[TimeControl "40/5400+30:1800+30"]

1. e4 e6 2. d4 d5 3. Nc3 Nf6 4. Bg5 dxe4 5. Nxe4 Be7 6. Bxf6 gxf6 7. Nf3 f5 8. Ng3 b6 9. Qd2 Bb7 10. Ne5 Bg5 11. f4 Bh6 12. O-O-O Qh4 13. Ne2 Rg8 14. Rg1 Nd7 15. Nxd7 Kxd7 16. d5 exd5 17. g3 Qxh2 18. Bg2 c6 19. Qd3 Rae8 20. Bf3 Qf2 21. Qxf5+ Kd6 22. Rgf1 Qe3+ 23. Kb1 Qe6 24. Nd4 Qg6 25. Bh5 Qg7 26. Qxf7 Bc8 27. Qxg7 Bxg7 28. Bxe8 Rxe8 29. f5 Bxd4 30. Rxd4 Bxf5 31. Rdf4 Bg6 32. Kc1 Re3 33. R1f3 Re2 34. Rf2 Re3 35. R4f3 Re1+ 36. Kd2 Re7 37. Rf8 Kc5 38. R8f6 Re5 39. c3 a5 40. R2f3 Be4 41. Re3 a4 42. Rh6 Rf5 43. Ke2 Rf7 44. b4+ axb3 45. axb3 Ra7 46. Kf2 Rf7+ 47. Kg1 Ra7 48. g4 Rg7 49. Rg3 Bg6 50. Rh2 Ra7 51. Rd2 Ra3 52. b4+ Kd6 53. Rf3 Ke5 54. Re2+ Be4 55. Kf2 Ra7 56. Rf5+ Ke6 57. Kg3 Ra3 58. Re3 c5 59. bxc5 bxc5 60. Kf4 c4 61. g5 Ra1 62. Rf6+ Kd7 63. Rf7+ Kd6 64. Rf6+ Kd7 65. Ke5 Rg1 66. Kf4 Rf1+ 67. Kg4 Rxf6 68. gxf6 Ke6 69. Kg5 h6+ 70. Kxh6 Kxf6 71. Rg3 Kf5 72. Kh5 Kf4 73. Kh4 Bf5 74. Rg1 Ke3 75. Rd1 Bd3 76. Kg3 Ke2 77. Ra1 Kd2 78. Ra3 Kc2 79. Kf4 Kb2 80. Ra5 Be4 81. Ke5 Kxc3 82. Ra3+ Kb2 0-1

[Event "42nd GRE-ch Women 2019"]
[Site "Thessaloniki"]
[Date "2019.11.20"]
[Round "1.2"]
[White "Makka, Evanthia"]
[Black "Makka, Ioulia"]
[Result "1/2-1/2"]
[ECO "C01"]
[WhiteElo "2059"]
[BlackElo "2048"]
[Annotator "NA RC"]
[PlyCount "61"]
[EventDate "2019.11.20"]
[EventType "tourn"]
[EventCountry "GRE"]
[SourceTitle "playchess.com"]
[Source "ChessBase"]
[SourceQuality "1"]
[TimeControl "40/5400+30:1800+30"]

1. e4 e6 2. d4 d5 3. exd5 exd5 4. Bd3 Bd6 5. Nf3 Nf6 6. c3 c6 7. Bg5 O-O 8. O-O Bg4 9. Nbd2 Nbd7 10. Bh4 Qc7 11. Bg3 Bh5 12. Bxd6 Qxd6 13. Qc2 Bg6 14. Rfe1 Rfe8 15. Bxg6 hxg6 16. Rxe8+ Rxe8 17. Re1 Rxe1+ 18. Nxe1 Nf8 19. Qd3 Qe7 20. Kf1 N8d7 21. Qe2 Qxe2+ 22. Kxe2 Kf8 23. Nd3 Ke7 24. h3 Ne8 25. h4 Nd6 26. g3 Ne8 27. Nf3 Nef6 28. Nd2 Kd6 29. Ke3 Ke7 30. Ke2 Kd6 31. Ke3 1/2-1/2

[Event "42nd GRE-ch Women 2019"]
[Site "Thessaloniki"]
[Date "2019.11.20"]
[Round "1.3"]
[White "Vozinaki, Anthi - Maria"]
[Black "Serefidou, Despina"]
[Result "0-1"]
[ECO "C55"]
[WhiteElo "1878"]
[BlackElo "1899"]
[Annotator "NA RC"]
[PlyCount "72"]
[EventDate "2019.11.20"]
[EventType "tourn"]
[EventCountry "GRE"]
[SourceTitle "playchess.com"]
[Source "ChessBase"]
[SourceQuality "1"]
[TimeControl "40/5400+30:1800+30"]

1. e4 e5 2. Nf3 Nc6 3. Bc4 Nf6 4. O-O Be7 5. d4 Nxe4 6. dxe5 O-O 7. Bf4 d6 8. Bd5 Nc5 9. exd6 Bxd6 10. Bg5 Qd7 11. Nc3 h6 12. Be3 Ne7 13. Re1 Nxd5 14. Qxd5 Na4 15. Qb3 Nxc3 16. Qxc3 Qg4 17. Bc5 Bxc5 18. Qxc5 c6 19. Re7 Qg6 20. Ne5 Qg5 21. Re1 Bh3 22. g3 b6 23. Qd6 Rad8 24. Qc7 Be6 25. f4 Qf6 26. Qxa7 Ra8 27. Qc7 Rxa2 28. Nxc6 Rxb2 29. Ne5 Rc8 30. Qb7 Rcxc2 31. Re8+ Kh7 32. Qa8 g6 33. Rd1 Bh3 34. Nd3 Rg2+ 35. Kf1 Rxh2+ 36. Ke1 Qc3+ 0-1

[Event "42nd GRE-ch Women 2019"]
[Site "Thessaloniki"]
[Date "2019.11.20"]
[Round "1.5"]
[White "Grapsa, Georgia"]
[Black "Koutsidi, Amalia"]
[Result "1-0"]
[ECO "D34"]
[WhiteElo "2026"]
[BlackElo "1724"]
[Annotator "NA RC"]
[PlyCount "51"]
[EventDate "2019.11.20"]
[EventType "tourn"]
[EventCountry "GRE"]
[SourceTitle "playchess.com"]
[Source "ChessBase"]
[SourceQuality "1"]
[TimeControl "40/5400+30:1800+30"]

1. d4 Nf6 2. c4 e6 3. g3 d5 4. Nf3 Be7 5. Bg2 O-O 6. O-O c5 7. cxd5 exd5 8. Nc3 Nc6 9. dxc5 Bxc5 10. Bg5 Be6 11. Rc1 Be7 12. Nd4 h6 13. Bf4 Qd7 14. Nxe6 fxe6 15. e4 d4 16. e5 Ne8 17. Ne4 g5 18. Bd2 Nxe5 19. Qh5 Kg7 20. f4 Ng6 21. fxg5 hxg5 22. Nxg5 Nf6 23. Rxf6 Rxf6 24. Qh7+ Kf8 25. Ne4 Qe8 26. Bh6# 1-0

[Event "42nd GRE-ch Women 2019"]
[Site "Thessaloniki"]
[Date "2019.11.21"]
[Round "2.1"]
[White "Hristodoulaki, Antonia"]
[Black "Koutsidi, Amalia"]
[Result "1/2-1/2"]
[ECO "B22"]
[WhiteElo "2054"]
[BlackElo "1724"]
[Annotator "NA RC"]
[PlyCount "119"]
[EventDate "2019.11.20"]
[EventType "tourn"]
[EventCountry "GRE"]
[SourceTitle "playchess.com"]
[Source "ChessBase"]
[SourceQuality "1"]
[TimeControl "40/5400+30:1800+30"]

1. e4 c5 2. c3 d6 3. d4 cxd4 4. cxd4 g6 5. Nf3 Bg7 6. Bc4 Nf6 7. Nc3 O-O 8. Qe2 Nc6 9. h3 a6 10. e5 dxe5 11. dxe5 Ne8 12. O-O Nd4 13. Nxd4 Qxd4 14. Re1 Nc7 15. Bb3 Be6 16. Bxe6 Nxe6 17. Qf3 Qb4 18. Re4 Qb6 19. Nd5 Qc5 20. Rb4 Rad8 21. Nxe7+ Qxe7 22. Rxb7 Rd7 23. Rb6 Nd4 24. Qg4 Bxe5 25. Bg5 Qc5 26. Rxa6 Qb5 27. Ra3 Qxb2 28. Re1 Qxa3 29. Qxd7 Qd6 30. Qa7 Nc6 31. Qe3 Bg7 32. a4 Qd4 33. Qb3 Qb4 34. Qxb4 Nxb4 35. Be7 Rb8 36. Bd6 Bc3 37. Re3 Rc8 38. Rxc3 Rxc3 39. Bxb4 Rc4 40. Bd2 Rxa4 41. Kh2 f5 42. Kg3 Kf7 43. Bc1 Ke6 44. Kf3 Re4 45. Bh6 Kd5 46. Be3 Kc4 47. Bd2 Kd3 48. Bg5 Kc2 49. Bh6 Kd1 50. Be3 Ke1 51. g3 Kf1 52. h4 Ra4 53. Bd2 Ra3+ 54. Be3 h6 55. g4 fxg4+ 56. Kxg4 Ke2 57. Bxh6 Kxf2 58. Kg5 Ra6 59. Kg4 Ke2 60. Bg7 1/2-1/2

[Event "42nd GRE-ch Women 2019"]
[Site "Thessaloniki"]
[Date "2019.11.21"]
[Round "2.4"]
[White "Makka, Ioulia"]
[Black "Vozinaki, Anthi - Maria"]
[Result "1/2-1/2"]
[ECO "B83"]
[WhiteElo "2048"]
[BlackElo "1878"]
[Annotator "NA RC"]
[PlyCount "132"]
[EventDate "2019.11.20"]
[EventType "tourn"]
[EventCountry "GRE"]
[SourceTitle "playchess.com"]
[Source "ChessBase"]
[SourceQuality "1"]
[TimeControl "40/5400+30:1800+30"]

1. e4 c5 2. Nf3 e6 3. d4 cxd4 4. Nxd4 Nf6 5. Nc3 d6 6. Be2 Be7 7. O-O O-O 8. f4 Nc6 9. Kh1 a6 10. a4 Qc7 11. Be3 Re8 12. Bf3 Bf8 13. Nxc6 bxc6 14. a5 Nd7 15. Qd2 Rb8 16. Na4 c5 17. c4 Bb7 18. Qc2 d5 19. Bd2 d4 20. e5 f6 21. exf6 Nxf6 22. Qd3 Bd6 23. Nb6 Bxf3 24. Rxf3 Qc6 25. Kg1 Rb7 26. Rh3 g6 27. Rf3 Ne4 28. Be1 Rf8 29. Bg3 Nxg3 30. hxg3 Bc7 31. Ra3 Bxb6 32. axb6 Rxb6 33. b3 Rd8 34. Rf2 Qd6 35. Re2 Rd7 36. Re5 Rdb7 37. g4 Qb8 38. Qe4 Qd6 39. Qd3 Qb8 40. Qe4 Qd6 41. Qd3 Rb8 42. g3 a5 43. Kf2 Qc6 44. Qe4 Qxe4 45. Rxe4 Rxb3 46. Rxa5 d3 47. Re1 Rb2+ 48. Ke3 d2 49. Rd1 R8b3+ 50. Ke4 Rxg3 51. g5 Rc3 52. Ke5 Kf7 53. Ra7+ Ke8 54. Kxe6 Re3+ 55. Kd6 Rd3+ 56. Kxc5 Rc2 57. Rxh7 Re3 58. Rh2 Re4 59. Rdxd2 Rexc4+ 60. Kd5 Rxd2+ 61. Rxd2 Rxf4 62. Ke6 Rf5 63. Ra2 Kf8 64. Rg2 Kg7 65. Rg1 Rf2 66. Ke5 Rf5+ 1/2-1/2

[Event "42nd GRE-ch Women 2019"]
[Site "Thessaloniki"]
[Date "2019.11.21"]
[Round "2.5"]
[White "Stefanidi, Maria-Anna"]
[Black "Makka, Evanthia"]
[Result "0-1"]
[ECO "B15"]
[WhiteElo "2012"]
[BlackElo "2059"]
[Annotator "NA RC"]
[PlyCount "98"]
[EventDate "2019.11.20"]
[EventType "tourn"]
[EventCountry "GRE"]
[SourceTitle "playchess.com"]
[Source "ChessBase"]
[SourceQuality "1"]
[TimeControl "40/5400+30:1800+30"]

1. e4 c6 2. d4 d5 3. Nc3 dxe4 4. Nxe4 Nf6 5. Nxf6+ exf6 6. Nf3 Bd6 7. Be3 Qb6 8. Qc1 O-O 9. Be2 Re8 10. O-O Qc7 11. c4 Bg4 12. h3 Be6 13. Qd2 Qc8 14. Rfe1 a5 15. a3 Na6 16. Rac1 Qd7 17. Bf1 Nc7 18. Red1 Bf8 19. Bf4 Red8 20. Qe3 Ne8 21. Bd3 Bf5 22. Be2 g5 23. Bg3 Bg6 24. Nh2 h5 25. h4 g4 26. f3 f5 27. Bf4 Ng7 28. Bg5 Re8 29. Qf2 Ne6 30. Bf6 Bh6 31. Rc3 Nf4 32. Bf1 Qd6 33. fxg4 fxg4 34. Bg5 Bxg5 35. hxg5 Re7 36. d5 cxd5 37. g3 Ne6 38. Rxd5 Qc7 39. Bg2 Rae8 40. Nf1 Ng7 41. Rd2 Re1 42. Bd5 Nf5 43. Kg2 R8e5 44. Rb3 Qe7 45. Rxb7 Qxg5 46. Qf4 Qf6 47. Rf2 R5e2 48. c5 Rxf2+ 49. Kxf2 Rxf1+ 0-1

[Event "42nd GRE-ch Women 2019"]
[Site "Thessaloniki"]
[Date "2019.11.22"]
[Round "3.1"]
[White "Makka, Evanthia"]
[Black "Hristodoulaki, Antonia"]
[Result "0-1"]
[ECO "A04"]
[WhiteElo "2059"]
[BlackElo "2054"]
[Annotator "NA"]
[PlyCount "58"]
[EventDate "2019.11.20"]
[EventType "tourn"]
[EventCountry "GRE"]
[SourceTitle "playchess.com"]
[Source "ChessBase"]
[SourceQuality "1"]
[TimeControl "40/5400+30:1800+30"]

1. Nf3 e6 2. g3 f5 3. Bg2 Nf6 4. d3 Be7 5. O-O O-O 6. c4 d6 7. Nc3 e5 8. Ne1 c6 9. f4 exf4 10. Rxf4 Ng4 11. h3 Ne5 12. Rf1 Nbd7 13. b3 Nf6 14. d4 Ng6 15. d5 c5 16. Nd3 Nh5 17. Kh2 Bf6 18. Bb2 f4 19. Ne4 fxg3+ 20. Kh1 Bxb2 21. Nxb2 Bxh3 22. Rxf8+ Nxf8 23. Bxh3 Qh4 24. Qf1 Qxe4+ 25. Qg2 Qh4 26. e3 Re8 27. Nd1 g5 28. Kg1 g4 29. Bxg4 Qxg4 0-1

[Event "42nd GRE-ch Women 2019"]
[Site "Thessaloniki"]
[Date "2019.11.22"]
[Round "3.2"]
[White "Vozinaki, Anthi - Maria"]
[Black "Stefanidi, Maria-Anna"]
[Result "0-1"]
[ECO "B08"]
[WhiteElo "1878"]
[BlackElo "2012"]
[Annotator "NA"]
[PlyCount "54"]
[EventDate "2019.11.20"]
[EventType "tourn"]
[EventCountry "GRE"]
[SourceTitle "playchess.com"]
[Source "ChessBase"]
[SourceQuality "1"]
[TimeControl "40/5400+30:1800+30"]

1. e4 Nf6 2. Nc3 d6 3. d4 g6 4. Nf3 Bg7 5. Be2 O-O 6. O-O Bg4 7. h3 Bxf3 8. Bxf3 c6 9. a4 Nbd7 10. Be3 Qc7 11. Qd2 Rfd8 12. Rad1 a6 13. d5 Rab8 14. Be2 b5 15. dxc6 Qxc6 16. axb5 axb5 17. Nd5 Re8 18. Nb4 $11 Qb7 19. f3 Nc5 20. Ra1 Nh5 21. Ra5 Ng3 22. Rfa1 Bxb2 23. Bxb5 Bxa1 24. Bxe8 Bc3 25. Qf2 Qxb4 26. Ra7 Qb1+ 27. Kh2 Nf1+ 0-1

[Event "42nd GRE-ch Women 2019"]
[Site "Thessaloniki"]
[Date "2019.11.22"]
[Round "3.3"]
[White "Pavlidou, Ekaterini"]
[Black "Makka, Ioulia"]
[Result "1-0"]
[ECO "E15"]
[WhiteElo "2183"]
[BlackElo "2048"]
[Annotator "NA"]
[PlyCount "73"]
[EventDate "2019.11.20"]
[EventType "tourn"]
[EventCountry "GRE"]
[SourceTitle "playchess.com"]
[Source "ChessBase"]
[SourceQuality "1"]
[TimeControl "40/5400+30:1800+30"]

1. d4 Nf6 2. c4 e6 3. Nf3 b6 4. g3 Ba6 5. b3 b5 6. Bg2 bxc4 7. Ne5 Bb4+ 8. Kf1 c6 9. bxc4 O-O 10. Qc2 d5 11. a3 Bd6 12. Bg5 h6 13. h4 Re8 14. Bf4 Nh5 15. Nd2 Nxf4 16. gxf4 Qf6 17. e3 Qe7 18. Kg1 Rc8 19. Rh3 Qd8 20. h5 Nd7 21. Qa4 Bb7 22. c5 Be7 23. Ndf3 Nf8 24. Kh2 f6 25. Nd3 Qc7 26. Rg1 Kf7 27. Rg3 Nd7 28. Bh3 Bf8 29. Nh4 e5 30. fxe5 Kg8 31. Be6+ Kh7 32. Qc2 g6 33. hxg6+ Kh8 34. g7+ Bxg7 35. Rxg7 Qd8 36. Rxd7 Qe8 37. Nf4 1-0

[Event "42nd GRE-ch Women 2019"]
[Site "Thessaloniki"]
[Date "2019.11.22"]
[Round "3.4"]
[White "Grapsa, Georgia"]
[Black "Serefidou, Despina"]
[Result "0-1"]
[ECO "A40"]
[WhiteElo "2026"]
[BlackElo "1899"]
[Annotator "NA"]
[PlyCount "52"]
[EventDate "2019.11.20"]
[EventType "tourn"]
[EventCountry "GRE"]
[SourceTitle "playchess.com"]
[Source "ChessBase"]
[SourceQuality "1"]
[TimeControl "40/5400+30:1800+30"]

1. d4 Nf6 2. c4 e6 3. g3 Bb4+ 4. Bd2 Qe7 5. Bg2 Nc6 6. e3 Bxd2+ 7. Nxd2 d6 8. Ne2 a5 9. O-O O-O 10. h3 e5 11. Re1 h6 12. g4 Nh7 13. Nc3 f5 14. Nd5 Qd8 15. f4 fxg4 16. hxg4 Kh8 17. Ne4 exd4 18. exd4 Nb4 19. Rf1 Nxd5 20. cxd5 Qh4 21. f5 h5 22. Bf3 hxg4 23. Bxg4 Nf6 24. Nxf6 Qg3+ 25. Kh1 Rxf6 26. Re1 Bxf5 0-1

[Event "42nd GRE-ch Women 2019"]
[Site "Thessaloniki"]
[Date "2019.11.22"]
[Round "3.5"]
[White "Koutsidi, Amalia"]
[Black "Markantonaki, Haritomeni"]
[Result "1-0"]
[ECO "B40"]
[WhiteElo "1724"]
[BlackElo "2178"]
[Annotator "NA"]
[PlyCount "75"]
[EventDate "2019.11.20"]
[EventType "tourn"]
[EventCountry "GRE"]
[SourceTitle "playchess.com"]
[Source "ChessBase"]
[SourceQuality "1"]
[TimeControl "40/5400+30:1800+30"]

1. e4 c5 2. Nf3 e6 3. c3 d5 4. exd5 Qxd5 5. d4 Nf6 6. Bd3 Nc6 7. Be3 cxd4 8. cxd4 Be7 9. Nc3 Qd8 10. a3 O-O 11. O-O b6 12. Qe2 Bb7 13. Rad1 Rc8 14. Rfe1 Qc7 15. Bg5 Rfd8 16. Bb1 Na5 17. Ne5 Nc4 18. Nb5 Qb8 19. Nxc4 Rd5 20. Ne5 Ba6 21. a4 Qb7 22. Bxf6 gxf6 23. Qh5 Bb4 24. Qxh7+ Kf8 25. Qh6+ Ke7 26. Ng4 Bxe1 27. Qxf6+ Kf8 28. Rxe1 Bxb5 29. axb5 Rxb5 30. h4 Rxb2 31. h5 Ke8 32. Ne5 Qe7 33. Qf4 Rc7 34. h6 f6 35. Ng6 Qf7 36. Bf5 Rc6 37. d5 Qc7 38. dxc6 1-0

[Event "42nd GRE-ch Women 2019"]
[Site "Thessaloniki"]
[Date "2019.11.23"]
[Round "4.1"]
[White "Hristodoulaki, Antonia"]
[Black "Markantonaki, Haritomeni"]
[Result "0-1"]
[ECO "B22"]
[WhiteElo "2054"]
[BlackElo "2178"]
[Annotator "NA"]
[PlyCount "94"]
[EventDate "2019.11.20"]
[EventType "tourn"]
[EventCountry "GRE"]
[SourceTitle "playchess.com"]
[Source "ChessBase"]
[SourceQuality "1"]
[TimeControl "40/5400+30:1800+30"]

1. e4 c5 2. c3 Nf6 3. e5 Nd5 4. d4 cxd4 5. Nf3 e6 6. cxd4 d6 7. a3 Be7 8. Bd3 b6 9. O-O Bb7 10. Re1 O-O 11. exd6 Qxd6 12. Nc3 Nxc3 13. bxc3 Nd7 14. Bd2 Rac8 15. Ne5 Nxe5 16. Rxe5 g6 17. Qg4 Bf6 18. Re3 Bg7 19. f4 Bd5 20. Qh4 Qd8 21. Qf2 Bc4 22. Be4 b5 23. Rh3 a5 24. Be3 Rb8 25. Rb1 Qe7 26. Bc1 Rfd8 27. g4 f5 28. gxf5 exf5 29. Bd3 Bxd3 30. Rxd3 Qd6 31. Bb2 Qd5 32. Rc1 Re8 33. Re3 Re4 34. Rce1 Rbe8 35. Bc1 b4 36. Rxe4 Rxe4 37. axb4 axb4 38. Rxe4 Qxe4 39. Qe3 bxc3 40. Qxe4 fxe4 41. Be3 c2 42. Kf1 Bxd4 43. Bc1 Kf7 44. Ke2 Kf6 45. Kd2 Kf5 46. Kxc2 Bg1 47. h3 Bh2 0-1

[Event "42nd GRE-ch Women 2019"]
[Site "Thessaloniki"]
[Date "2019.11.23"]
[Round "4.2"]
[White "Serefidou, Despina"]
[Black "Koutsidi, Amalia"]
[Result "1/2-1/2"]
[ECO "B92"]
[WhiteElo "1899"]
[BlackElo "1724"]
[Annotator "NA"]
[PlyCount "150"]
[EventDate "2019.11.20"]
[EventType "tourn"]
[EventCountry "GRE"]
[SourceTitle "playchess.com"]
[Source "ChessBase"]
[SourceQuality "1"]
[TimeControl "40/5400+30:1800+30"]

1. e4 c5 2. Nf3 d6 3. d4 cxd4 4. Nxd4 Nf6 5. Nc3 a6 6. Be2 e5 7. Nb3 Be7 8. Be3 Qc7 9. Nd5 Nxd5 10. Qxd5 Be6 11. Qd2 Nd7 12. f4 Nf6 13. Bf3 Rc8 14. Rc1 O-O 15. f5 Bd7 16. g4 Bc6 17. Qg2 Rfd8 18. g5 Nd7 19. f6 Bf8 20. fxg7 Bxg7 21. O-O Nf8 22. Qf2 Bd7 23. Bb6 Qc4 24. Bxd8 Rxd8 25. Qe2 Qe6 26. Bh5 Ng6 27. Bxg6 fxg6 28. c4 b5 29. c5 d5 30. exd5 Qxd5 31. Rfd1 Qc6 32. Na5 Qc7 33. c6 Bc8 34. Rxd8+ Qxd8 35. Nb3 Qxg5+ 36. Qg2 Qe3+ 37. Qf2 Qg5+ 38. Qg3 Qf5 39. Rf1 Qe6 40. Rc1 Bh6 41. Rc2 Qd5 42. Qe1 Be3+ 43. Qxe3 Qd1+ 44. Kf2 Qxc2+ 45. Kg3 Qxc6 46. Qxe5 Qe6 47. Qxe6+ Bxe6 48. Nc5 Bxa2 49. Nxa6 Kf7 50. Nc7 Bc4 51. b3 Bd3 52. Kf4 Ke7 53. Ke5 g5 54. Ne6 g4 55. Nd4 h5 56. b4 Kf7 57. Ne6 h4 58. Ng5+ Kg6 59. Kf4 g3 60. hxg3 hxg3 61. Nf3 Be2 62. Kxg3 Bxf3 63. Kxf3 Kf5 64. Ke3 Ke5 65. Kd3 Kd5 66. Kc3 Ke4 67. Kc2 Kd4 68. Kb2 Kc4 69. Kc2 Kxb4 70. Kb2 Ka4 71. Ka2 b4 72. Kb2 b3 73. Kb1 Ka3 74. Ka1 b2+ 75. Kb1 Kb3 1/2-1/2

[Event "42nd GRE-ch Women 2019"]
[Site "Thessaloniki"]
[Date "2019.11.23"]
[Round "4.3"]
[White "Makka, Ioulia"]
[Black "Grapsa, Georgia"]
[Result "0-1"]
[ECO "A01"]
[WhiteElo "2048"]
[BlackElo "2026"]
[Annotator "NA"]
[PlyCount "108"]
[EventDate "2019.11.20"]
[EventType "tourn"]
[EventCountry "GRE"]
[SourceTitle "playchess.com"]
[Source "ChessBase"]
[SourceQuality "1"]
[TimeControl "40/5400+30:1800+30"]

1. b3 Nf6 2. Bb2 g6 3. c4 Bg7 4. g3 O-O 5. Bg2 d5 6. cxd5 Nxd5 7. Bxg7 Kxg7 8. d4 c6 9. Qd2 Nd7 10. e4 N5f6 11. f4 Nb6 12. Qc3 Be6 13. h3 a5 14. g4 Kg8 15. Ne2 a4 16. f5 Bd7 17. b4 e6 18. fxg6 hxg6 19. O-O e5 20. dxe5 Nh7 21. Rd1 Re8 22. Nd2 Be6 23. Nf3 Qe7 24. Nf4 Rad8 25. Rd4 Ng5 26. Ne2 Nxf3+ 27. Bxf3 Qg5 28. a3 Nd7 29. Rad1 Nxe5 30. Rxd8 Nxf3+ 31. Qxf3 Rxd8 32. Rxd8+ Qxd8 33. Kf2 Qd1 34. Qc3 Qh1 35. e5 Bd5 36. Qg3 Qa1 37. Qe3 b5 38. h4 Qh1 39. Qg3 Qe4 40. h5 g5 41. Nc3 Qd4+ 42. Ke1 Be6 43. Ne2 Qe4 44. Kd2 Bxg4 45. Nc3 Qd4+ 46. Kc1 Kh7 47. Qe1 Kh6 48. Kb2 Bf5 49. Qe2 g4 50. Qh2 Qe3 51. Qg2 Kxh5 52. Qh1+ Kg5 53. Qh2 g3 54. Qg2 Qf2+ 0-1

[Event "42nd GRE-ch Women 2019"]
[Site "Thessaloniki"]
[Date "2019.11.23"]
[Round "4.4"]
[White "Stefanidi, Maria-Anna"]
[Black "Pavlidou, Ekaterini"]
[Result "0-1"]
[ECO "B32"]
[WhiteElo "2012"]
[BlackElo "2183"]
[Annotator "NA"]
[PlyCount "78"]
[EventDate "2019.11.20"]
[EventType "tourn"]
[EventCountry "GRE"]
[SourceTitle "playchess.com"]
[Source "ChessBase"]
[SourceQuality "1"]
[TimeControl "40/5400+30:1800+30"]

1. e4 c5 2. Nf3 Nc6 3. d4 cxd4 4. Nxd4 e5 5. Nb5 d6 6. c4 g6 7. N1c3 a6 8. Na3 Bg7 9. g3 Nge7 10. Bg2 O-O 11. Be3 f5 12. Qd2 Nd4 13. h4 Nec6 14. O-O-O f4 15. gxf4 exf4 16. Bxf4 b5 17. Bg5 Qb6 18. Nd5 Qb7 19. e5 Rf7 20. Nf6+ Bxf6 21. Bxf6 b4 22. Nb1 Qb6 23. Bxc6 Nxc6 24. Qd3 d5 25. Qxd5 Bg4 26. Qd6 Rd7 27. Qxd7 Bxd7 28. Rxd7 Ra7 29. Rhd1 Qxf2 30. R7d6 Qf4+ 31. Nd2 Rc7 32. Rf1 Qe3 33. e6 h5 34. Bg5 Qe2 35. Bh6 b3 36. axb3 Nb4 37. Rf8+ Kh7 38. Rf7+ Rxf7 39. exf7 Qe1# 0-1

[Event "42nd GRE-ch Women 2019"]
[Site "Thessaloniki"]
[Date "2019.11.23"]
[Round "4.5"]
[White "Makka, Evanthia"]
[Black "Vozinaki, Anthi - Maria"]
[Result "1-0"]
[ECO "A04"]
[WhiteElo "2059"]
[BlackElo "1878"]
[Annotator "NA"]
[PlyCount "59"]
[EventDate "2019.11.20"]
[EventType "tourn"]
[EventCountry "GRE"]
[SourceTitle "playchess.com"]
[Source "ChessBase"]
[SourceQuality "1"]
[TimeControl "40/5400+30:1800+30"]

1. Nf3 c5 2. g3 Nf6 3. Bg2 Nc6 4. O-O d5 5. d4 cxd4 6. Nxd4 e5 7. Nxc6 bxc6 8. c4 Be7 9. Nc3 Bb7 10. cxd5 Nxd5 11. Qb3 Nxc3 12. Qxc3 Qc7 13. Be3 O-O 14. Rac1 Rfc8 15. b4 a5 16. b5 c5 17. Bxb7 Qxb7 18. a4 Qe4 19. Qc4 Qg6 20. Qd5 Qg4 21. Qxe5 Bf6 22. Qf4 Qxe2 23. Rxc5 Rxc5 24. Bxc5 Be5 25. Qe3 Qb2 26. Re1 Re8 27. Bd4 Qb4 28. Bxe5 f6 29. Bc3 Rxe3 30. Bxb4 1-0

[Event "42nd GRE-ch Women 2019"]
[Site "Thessaloniki"]
[Date "2019.11.24"]
[Round "5.1"]
[White "Vozinaki, Anthi - Maria"]
[Black "Hristodoulaki, Antonia"]
[Result "0-1"]
[ECO "C11"]
[WhiteElo "1878"]
[BlackElo "2054"]
[Annotator "NA RC"]
[PlyCount "117"]
[EventDate "2019.11.20"]
[EventType "tourn"]
[EventCountry "GRE"]
[SourceTitle "playchess.com"]
[Source "ChessBase"]
[SourceQuality "1"]
[TimeControl "40/5400+30:1800+30"]

1. e4 e6 2. d4 d5 3. Nc3 Nf6 4. Bg5 dxe4 5. Nxe4 Be7 6. Bxf6 gxf6 7. Nf3 f5 8. Nc3 a6 {[%emt 0:00:03] C13: French: Classical System: 4 Bg5 Be7, Alekhine-Chatard Attack} 9. Qe2 (9. Qd2 b5 10. O-O-O b4 11. Na4 Qd5 12. b3 Bd7 13. Bc4 Qd6 14. d5 e5 15. Rhe1 e4 16. Nd4 {1-0 (40) Carlsen,M (2832)-Grischuk,A (2750) chess.com INT 2017}) 9... b5 10. O-O-O b4 11. Na4 Qd5 12. b3 Bb7 13. Qe3 Nd7 14. Bc4 Qe4 15. Qd2 O-O-O 16. h3 {[%emt 0:10:53] [#]} Bd6 $146 17. Kb1 Qf4 18. Qe2 Nb8 19. d5 exd5 20. Rd4 Rhe8 21. Rxf4 Rxe2 22. Bxe2 Bxf4 23. Bd3 Rh8 24. Nc5 Nc6 25. Bxf5+ Kb8 26. Re1 Ka7 27. g3 Bh6 28. Bd7 Rd8 ({Black should play} 28... Nd8 $14) 29. Be8 Bc8 $2 (29... Bg7 $16) 30. Bxf7 Kb6 31. Ne6 Rd6 32. Nfg5 Nd4 (32... Bxg5 $11 33. Nxg5 Nd8) 33. Nxd4 Bxg5 34. Be6 Bb7 35. Nf5 Rd8 36. f4 Bf6 37. Re3 (37. Bd7 $16) 37... Bc3 38. g4 d4 39. Rg3 $2 {[%emt 0:00:36] [#]} (39. Re2 $11 {and White is okay.}) 39... Re8 $1 40. Nxd4 (40. Ng7 {was the only chance.} Re7 41. f5 Rxg7 42. a4) 40... Bxd4 41. f5 $19 Bc8 42. c3 Bxc3 43. Bxc8 Rxc8 44. g5 Kc6 45. f6 Rg8 46. Rf3 Kd5 47. h4 Ke6 48. Re3+ Be5 49. Re4 a5 50. Rc4 Bd6 51. Re4+ Kf7 52. Kc2 Re8 53. Rg4 h6 54. Kd3 hxg5 55. hxg5 Kg6 56. Rg2 Re5 57. Rf2 Rxg5 58. f7 Rf5 59. Kd4 0-1

[Event "42nd GRE-ch Women 2019"]
[Site "Thessaloniki"]
[Date "2019.11.24"]
[Round "5.4"]
[White "Koutsidi, Amalia"]
[Black "Makka, Ioulia"]
[Result "1/2-1/2"]
[ECO "B11"]
[WhiteElo "1724"]
[BlackElo "2048"]
[Annotator "NA RC"]
[PlyCount "111"]
[EventDate "2019.11.20"]
[EventType "tourn"]
[EventCountry "GRE"]
[SourceTitle "playchess.com"]
[Source "ChessBase"]
[SourceQuality "1"]
[TimeControl "40/5400+30:1800+30"]

1. e4 c6 2. Nc3 d5 3. Nf3 Bg4 4. h3 Bxf3 5. Qxf3 e6 6. d4 Nf6 7. Bd3 dxe4 8. Nxe4 Nxe4 {[%emt 0:00:47] B11: Caro-Kann: Two Knights Variation} 9. Qxe4 Nd7 10. c3 Nf6 11. Qh4 Bd6 12. O-O h6 13. Bg5 $146 ({Predecessor:} 13. Re1 Ke7 14. f4 g5 15. fxg5 hxg5 16. Qxg5 {1-0 (78) Hracek,Z (2625)-Kallai,G (2500) Berlin 1996}) 13... Kd7 14. Bxf6 Qxf6 15. Qe4 g5 16. c4 Qf4 17. g3 Qxe4 18. Bxe4 f5 19. Bf3 h5 20. Rad1 Rh6 21. Kg2 Kc7 22. c5 Be7 23. Be2 h4 24. g4 f4 25. Bc4 Bf8 (25... b5 $11 {remains equal.} 26. Bb3 Re8) 26. Rfe1 Rd8 27. Re5 Bg7 28. Re4 ({White should play} 28. Rxg5 $16 Bxd4 29. b4) 28... e5 29. d5 cxd5 30. Rxd5 Rxd5 ({Black should try} 30... Rhh8 $11) 31. Bxd5 Rh8 32. Rb4 Rb8 33. Kf3 Bf8 34. Rc4 Re8 35. Ke4 a5 36. Kf5 Be7 37. f3 ({Don't do} 37. Kxe5 $6 Bd8+ 38. Be6 Kc6 $14) 37... Rf8+ 38. Ke4 Bf6 39. b3 Rd8 40. Rc2 Bg7 {[%emt 0:00:00] [#]} 41. a3 $1 Bf6 42. b4 axb4 43. axb4 Ra8 44. Ra2 Rxa2 45. Bxa2 b6 46. cxb6+ ({White should play} 46. Kf5 $16 Bd8 47. Bd5 (47. Kxe5 bxc5 48. b5 Kb6 $11)) 46... Kxb6 47. Bc4 Kc6 48. Kf5 Bd8 49. Kxe5 Be7 50. Ke6 Bd8 $1 51. Ke5 Be7 52. b5+ Kc7 53. Ke6 Bd8 $1 54. Bd3 Kb6 55. Kd7 Bf6 $14 56. Ke6 1/2-1/2